 Dungeon Crawl Stone Soup version 0.27.1-34-g3ba077fa99 (webtiles) character file.

Game seed: 8423289023354615941

2936 shadowrider38 the Grappler (level 9, -4/92 HPs)
             Began as a Troll Hunter on Jan 6, 2022.
             Was a Follower of Okawaru.
             Slain by a two-headed ogre (19 damage)
             ... on level 8 of the Dungeon.
             The game lasted 00:11:13 (6283 turns).

shadowrider38 the Grappler (Troll Hunter)           Turns: 6283, Time: 00:11:14

Health: -4/92      AC: 10    Str: 25    XL:     9   Next: 51%
Magic:  17/17      EV:  8    Int:  7    God:    Okawaru [*.....]
Gold:   202        SH:  9    Dex: 10    Spells: 8/8 levels left

rFire    . . .     SeeInvis .     - Unarmed
rCold    . . .     Faith    .   w - +0 kite shield
rNeg     . . .     Spirit   .   y - +0 acid dragon scales
rPois    .         Reflect  .   r - +2 hat
rElec    .         Harm     .   (no cloak)
rCorr    +         Rampage  .   (gloves unavailable)
Will     .....                  (boots unavailable)
Stlth    +.........             (no amulet)
HPRegen  1.25/turn              v - ring of wizardry
MPRegen  0.15/turn              b - ring of magical power

@: no status effects
A: large, unfitting armour, claws 3, regeneration 1, shaggy fur 1, tough skin 1
a: Renounce Religion, Heroism


You were on level 8 of the Dungeon.
You worshipped Okawaru.
Okawaru was aware of your devotion.
You visited 2 branches of the dungeon, and saw 9 of its levels.

You collected 324 gold pieces.
You spent 122 gold pieces at shops.

Inventory:

Missiles
 c - 4 large rocks (quivered)
 d - 2 throwing nets
 h - 252 stones
 o - 7 boomerangs
 B - 14 poisoned darts
Armour
 r - a +2 hat (worn)
 w - a +0 kite shield (worn)
 y - +0 acid dragon scales (worn)
Jewellery
 b - a ring of magical power (right claw)
 v - a ring of wizardry (left claw)
Wands
 a - a wand of acid (7)
 x - a wand of polymorph (7)
 C - a wand of iceblast (8)
Scrolls
 f - a scroll of noise {unknown}
 i - 2 scrolls of teleportation {unknown}
 j - 2 scrolls of amnesia {unknown}
 n - a scroll of summoning {unknown}
 p - 2 scrolls of immolation
Potions
 g - 3 potions of cancellation {unknown}
 k - a potion of might
 l - a potion of degeneration {unknown}
 m - a potion of resistance {unknown}
 q - a potion of flight
 s - a potion of mutation
 t - a potion of invisibility {unknown}
 u - a potion of haste {unknown}
 z - 2 potions of magic {unknown}
 A - a potion of heal wounds {unknown}


   Skills:
 - Level 6.4 Fighting
 - Level 3.6 Throwing
 - Level 1.5 Dodging
 - Level 0.3 Stealth
 + Level 4.5 Shields
 + Level 9.3 Unarmed Combat


You had 8 spell levels left.
You didn't know any spells.
Your spell library contained the following spells:

 Spells                   Type           Power      Damage    Failure   Level
 Animate Skeleton         Necr           0%         N/A       50%         1
 Apportation              Tloc           0%         N/A       50%         1
 Corona                   Hex            0%         N/A       50%         1
 Summon Small Mammal      Summ           0%         N/A       50%         1
 Hailstorm                Conj/Ice       0%         3d3       99%         4
 Ice Form                 Ice/Tmut       0%         N/A       99%         4
 Summon Forest            Summ/Tloc      0%         N/A       100%        5
 Eringya's Noxious Bog    Tmut/Pois      0%         N/A       100%        6
 Simulacrum               Ice/Necr       0%         N/A       100%        6
 Summon Hydra             Summ           0%         N/A       100%        7


Dungeon Overview and Level Annotations

Branches:
Dungeon (8/15)             Temple (1/1) D:7
   Lair: D:8-11

Altars:
Ashenzari
Cheibriados
Fedhas
Gozag
Hepliaklqana
Makhleb
Nemelex Xobeh
Okawaru
Qazlal
Ru
Sif Muna
Trog
Uskayaw
Vehumet
Wu Jian
Xom
Yredelemnul
Zin
The Shining One

Shops:
D:2 (


Innate Abilities, Weirdness & Mutations

You are too large for most types of armour.
You have claws for hands.
Your natural rate of healing is unusually fast.
You are covered in fur. (AC +1)
You have tough skin. (AC +1)


Message History

You open the door.
There is an open door here.
There is an open door here.
You open the door.
There is an open door here.
You hear the slow hiss of an avalanche of sand.
Found a stone staircase leading up.
Press: ? - help, v - describe, . - travel A stone wall.
You open the door.
There is an open door here.
There is an open door here.
A black bear comes into view.
Found a book of Vapours.
The black bear growls angrily.
A two-headed ogre comes into view.
It is wielding a +0 giant club and a +0 giant spiked club.
You mangle the black bear!!
The black bear is severely wounded.
The black bear bites you.
The black bear claws you but does no damage.
You block the black bear's attack.
You claw the black bear!
You kill the black bear!
Okawaru accepts your kill.
The two-headed ogre hits you but does no damage.
The two-headed ogre hits you with a +0 giant spiked club!!
You scratch the two-headed ogre.
The two-headed ogre is lightly wounded.
You scratch the two-headed ogre but do no damage.
The two-headed ogre is lightly wounded.
You hear the slow hiss of an avalanche of sand nearby.
The two-headed ogre hits you with a +0 giant club!!
The two-headed ogre hits you with a +0 giant spiked club!!
* * * LOW HITPOINT WARNING * * *
You claw the two-headed ogre!
The two-headed ogre is moderately wounded.
The two-headed ogre hits you with a +0 giant club!
* * * LOW HITPOINT WARNING * * *
The two-headed ogre hits you with a +0 giant spiked club!!
You die...

...:.....
#.......
#......#
#......#
#......#
#......#
#......######
#..O†..#....#
#...@..#....#
#......#....#
#......#....#
#......#'####
#..........#
#..........#
#.<........#
#######....#
#.....#....#


You could see a two-headed ogre.

Vanquished Creatures
  Maggie (D:6)
  Eustachio (D:4)
  A water moccasin (D:7)
  4 black bears
  2 ice beasts
  A necrophage (D:6)
  An ogre (D:6)
  A kobold brigand (D:7)
  A phantom (D:6)
  Blork the orc (D:6)
  5 bullfrogs
  2 scorpions
  2 water moccasin zombies (D:5)
  A water moccasin skeleton (D:7)
  A wyvern skeleton (D:7)
  2 howler monkeys
  3 bullfrog zombies (D:5)
  A centaur zombie (D:5)
  2 hounds (D:6)
  A gnoll shaman (D:6)
  3 orc priests
  3 bullfrog skeletons
  2 centaur skeletons
  4 iguanas
  A scorpion zombie (D:5)
  An orc wizard (D:5)
  A killer bee zombie (D:7)
  2 gnolls
  4 adders
  A howler monkey skeleton (D:6)
  An adder zombie (D:5)
  4 worms
  2 dart slugs
  11 orcs
  3 ball pythons
  5 endoplasms
  3 giant cockroaches
  11 goblins
  6 hobgoblins
  4 jackals (D:2)
  3 quokkas
  3 bats
  4 frilled lizards
  8 kobolds
  3 rats
127 creatures vanquished.

Vanquished Creatures (others)
  5 withered plants (D:5)
5 creatures vanquished.

Grand Total: 132 creatures vanquished

Notes
Turn   | Place    | Note
-------+----------+-------------------------------------------
     0 | D:1      | shadowrider38 the Troll Hunter began the quest for the Orb.
     0 | D:1      | Reached XP level 1. HP: 19/19 MP: 0/0
   230 | D:1      | Reached skill level 1 in Unarmed Combat
   307 | D:1      | Reached XP level 2. HP: 28/28 MP: 1/1
   768 | D:2      | Reached XP level 3. HP: 35/35 MP: 2/2
   790 | D:2      | Found Fahol's Antique Weapon Boutique.
   869 | D:2      | Reached skill level 2 in Unarmed Combat
  1233 | D:2      | Reached XP level 4. HP: 25/44 MP: 3/3
  1318 | D:2      | Found a faded altar of an unknown god.
  1703 | D:3      | Reached skill level 3 in Unarmed Combat
  1911 | D:3      | Found a hide-covered altar of Uskayaw.
  2014 | D:4      | Noticed Eustachio
  2025 | D:4      | Killed Eustachio
  2026 | D:4      | Reached skill level 4 in Unarmed Combat
  2026 | D:4      | Reached XP level 5. HP: 19/54 MP: 4/4
  2105 | D:4      | Reached XP level 6. HP: 61/62 MP: 5/5
  2683 | D:4      | Noticed an ice beast
  2689 | D:4      | Killed an ice beast
  2849 | D:5      | Entered Level 5 of the Dungeon
  2912 | D:5      | Reached skill level 5 in Unarmed Combat
  2912 | D:5      | Reached XP level 7. HP: 59/71 MP: 6/6
  3073 | D:5      | Reached skill level 5 in Fighting
  3179 | D:5      | Reached skill level 6 in Unarmed Combat
  4031 | D:6      | Noticed Maggie
  4038 | D:6      | Killed Maggie
  4039 | D:6      | Reached skill level 7 in Unarmed Combat
  4039 | D:6      | Reached XP level 8. HP: 83/83 MP: 7/7
  4103 | D:6      | Found an iron altar of Okawaru.
  4417 | D:2      | Bought a runed giant spiked club for 122 gold pieces
  4562 | D:6      | Noticed Blork the orc
  4570 | D:6      | Killed Blork the orc
  4701 | D:6      | Reached skill level 1 in Shields
  4846 | D:6      | Became a worshipper of Warmaster Okawaru
  5134 | D:6      | Reached skill level 8 in Unarmed Combat
  5143 | D:6      | Reached XP level 9. HP: 87/92 MP: 8/8
  5214 | D:6      | Reached * piety under Okawaru
  5658 | D:7      | Reached skill level 9 in Unarmed Combat
  5708 | D:7      | Found a staircase to the Ecumenical Temple.
  5936 | Temple   | Entered the Ecumenical Temple
  6274 | D:8      | Noticed a two-headed ogre
  6283 | D:8      | Slain by a two-headed ogre

Illustrated notes

Levels and vault maps discovered:
D:1:      roderic_crossed_star, layout_rooms, minivault_23
D:2:      cheibrodos_greedy_goblins, layout_rooms,
          shapermc_ecumenical_altar_mp_vishouse, serial_shops,
          nicolae_shop_crystal
D:3:      layout_basic, nicolae_uskayaw_suspiria
D:4:      wander_river, layout_loops_corners, serial_glass, glass_columns_a,
          glass_columns_c, uniq_eustachio
D:5:      layout_gridville, serial_undead, serial_undead_f, serial_undead_d,
          serial_undead_d, serial_undead_b
D:6:      minmay_diamond_boxcup, layout_loops_ring,
          mainiacjoe_overflow_boulevard, nicolae_sextant,
          hangedman_abyss_or_decor_stagger, nrook_mini_vaults, chequers_jeans,
          uniq_blork_the_orc, uniq_maggie
D:7:      layout_rooms, minmay_temple_entry_butterflies, eino_tiny_chamber,
          abandoned_shop
D:8:      layout_gridville, lemuel_mausoleum_altar_kikubaaqudgha,
          mainiacjoe_overflow_brackets, amcnicky_altar_gilded,
          chequers_ossuary_entry_cave, corner_web_ring, serial_bayou_pond_c,
          uniq_prince_ribbit1
Temple:   minmay_crystal_spiral_temple

Skill      XL: |  1  2  3  4  5  6  7  8  9 |
---------------+----------------------------+-----
Unarmed Combat | 1 2 4 5 7 8 9 |  9.3
Fighting       | 2 3 4 6 |  6.4
Shields        | 2 4 |  4.5
Throwing       | |  3.6
Dodging        | |  1.5
Stealth        | |  0.3

Action                   |  1- 3 |  4- 6 |  7- 9 || total
-------------------------+-------+-------+-------++-------
Melee: Short sword       |   127 |       |       ||   127
       Punch             |     1 |     2 |     2 ||     5
       Unarmed           |    18 |    97 |   206 ||   321
Throw: Large rock        |     1 |     8 |     4 ||    13
  Use: Scroll            |       |       |     4 ||     4
 Stab: Sleeping          |     1 |       |       ||     1
Armor: Robe              |    80 |    34 |    25 ||   139
       Acid dragon scale |       |       |    64 ||    64
Dodge: Dodged            |    93 |    49 |    67 ||   209
Block: Kite shield       |       |       |    55 ||    55
